 Dungeon Crawl Stone Soup version 0.17-a0-1945-gfe993df (webtiles) character file.

3785 Rationalist the Ducker (level 9, -3/71 HPs)
             Began as a Demonspawn Berserker on Oct 1, 2015.
             Was an Elder of Trog.
             Slain by an eight-headed hydra (7 damage)
             ... on level 8 of the Dungeon.
             The game lasted 00:18:20 (8025 turns).

Rationalist the Ducker (Demonspawn Berserker)       Turns: 8025, Time: 00:18:21

Health: -3/71      AC: 13    Str: 18    XL:     9   Next: 95%
Magic:  9/9        EV: 16    Int:  8    God:    Trog [****..]
Gold:   402        SH:  0    Dex: 18    Spells: 0 memorised, 8 levels left

rFire  x . .     SeeInvis .     M - +1 hand axe
rCold  + + .     Clarity  +     h - +2 ring mail {MR+}
rNeg   . . .     SustAt   .     (no shield)
rPois  +         Gourm    .     N - +2 hat
rElec  .         Spirit   .     (no cloak)
rCorr  .         Warding  .     (no gloves)
rMut   .         Rnd*Tele +     (no boots)
MR     +....                    s - amulet of regeneration
Stlth  +.........               B - ring of the Komtur {+/*Tele rC+ Slay+5 Stlth-}
                                C - ring of ice

@: about to teleport, somewhat resistant to hostile enchantments, very
unstealthy
A: thin metallic scales 2, agile 1, clarity, demonic guardian 1, poison
resistance, powered by pain 2, regeneration 1, spit poison 1
a: Spit Poison, Burn Spellbooks, Berserk, Trog's Hand, Brothers in Arms,
Renounce Religion, Evoke Teleportation


You were on level 8 of the Dungeon.
You worshipped Trog.
Trog was greatly pleased with you.
You were near starving.

You visited 1 branch of the dungeon, and saw 8 of its levels.

You collected 402 gold pieces.

Inventory:

Hand weapons
 G - a +0 hand crossbow
 M - a +1 hand axe (weapon)
 P - the +7 mace "Heucs" {crush, rPois rF+ rN+ Int-3}
   (You found it on level 7 of the Dungeon)

   It inflicts extra damage upon your enemies.
   It affects your intelligence (-3).
   It protects you from fire.
   It protects you from poison.
   It protects you from negative energy.
Missiles
 e - 67 sling bullets
 j - 49 poisoned needles
 t - 40 bolts
 v - 7 tomahawks (quivered)
 H - 5 javelins
 L - 8 steel javelins
Armour
 h - a +2 ring mail of magic resistance (worn)
 y - a +3 scale mail
 N - a +2 hat (worn)
 R - a cursed -2 robe
Jewellery
 s - an amulet of regeneration (around neck)
 B - the ring of the Komtur (right hand) {+/*Tele rC+ Slay+5 Stlth-}
   (You found it on level 5 of the Dungeon)

   [ring of teleportation]

   It may teleport you to nearby monsters, and can be evoked to randomly
   teleport.
   It affects your accuracy and damage with ranged weapons and melee attacks
   (+5).
   It protects you from cold.
   It makes you less stealthy.
 C - a ring of ice (left hand)
Magical devices
 u - a wand of fire (9)
 F - a wand of random effects (20)
Scrolls
 b - 2 scrolls of fear {unknown}
 d - a scroll of blinking {unknown}
 k - 2 scrolls of enchant weapon {unknown}
 l - 2 scrolls of remove curse {unknown}
 n - 3 scrolls of teleportation
 o - 2 scrolls of random uselessness {unknown}
 p - a scroll of fog {unknown}
 q - a scroll of recharging {unknown}
 w - a scroll of amnesia {unknown}
 I - a scroll of magic mapping
 J - a scroll of immolation {unknown}
 O - a scroll of enchant armour {unknown}
Potions
 a - a potion of cancellation
 f - a potion of haste
 i - a potion of agility
 z - a potion of resistance {unknown}
 A - 2 potions of ambrosia
 D - 4 potions of curing
 K - a potion of invisibility
Comestibles
 c - 8 bread rations
 g - a beef jerky
 m - 3 meat rations
 x - 3 slices of pizza
 E - 3 fruits


   Skills:
 + Level 6.9 Fighting
 + Level 7.3 Axes
 + Level 6.1 Armour
 + Level 7.5 Dodging
 + Level 2.0 Stealth


You had 8 spell levels left.
You didn't know any spells.

Dungeon Overview and Level Annotations

Branches:
Dungeon (8/15)             Temple (0/1) D:6
   Lair: D:8-11

Altars:
Dithmenos
Elyvilon
Fedhas
Gozag
Okawaru
Vehumet
Xom
The Shining One

Shops:
D:4 (


Innate Abilities, Weirdness & Mutations

You are mostly covered in thin metallic scales (AC +3).
A weak demonic guardian rushes to your aid.
You sometimes gain power by taking damage.
You are agile. (Dex +2)
You possess an exceptional clarity of mind.
Your system is resistant to poisons.
Your natural rate of healing is unusually fast.
You can spit weak poison.


Message History

The worker ant closely misses you.
Your white imp hits the eight-headed hydra.
Your white imp freezes the eight-headed hydra.
The eight-headed hydra seems to slow down.
Read which item? (? for menu, Esc to quit)
As you read the scroll of teleportation, it crumbles to dust.
You feel strangely unstable.
Your ogre hits the eight-headed hydra with a giant club!!!
Your crimson imp blinks!
The worker ant completely misses you.
The eight-headed hydra bites you but does no damage.
The eight-headed hydra bites you!
* * * LOW HITPOINT WARNING * * *
The eight-headed hydra barely misses you.
The eight-headed hydra closely misses you.
The eight-headed hydra bites you but does no damage.
The eight-headed hydra misses you.
The eight-headed hydra barely misses you.
The eight-headed hydra bites you!
You die...

.<........#####.....##
............#..........
##...##.....#..........
.....######............
#####........####...##.
#.#.........#...#
#....5....#...#
#...D§....#####
#..@.O....#
...5....a.....#
#####.............
#.........####
#.........# #.........#
###########


You could see an eight-headed hydra, a worker ant, a friendly ogre (berserk), a
friendly crimson imp and a friendly white imp.

Vanquished Creatures
  Pikel (D:5)
  A hippogriff (D:7)
  A water moccasin (D:8)
  4 ice beasts
  2 phantoms (D:4)
  A sky beast (D:6)
  4 ogres
  A centaur (D:8)
  4 giant frogs
  3 scorpions
  4 wights (D:8)
  3 crimson imps
  A giant frog zombie (D:7)
  A centaur skeleton (D:4)
  A jelly (D:7)
  A centaur zombie (D:8)
  2 hounds (D:5)
  An iguana (D:6)
  10 worker ants
  Jessica (D:2)
  2 orc priests (D:7)
  Natasha (D:2)
  7 orc wizards
  A killer bee zombie (D:6)
  A worker ant zombie (D:8)
  A hound skeleton (D:6)
  Robin (D:3)
  9 adders
  3 gnolls (D:2)
  3 oozes
  An adder zombie (D:6)
  2 adder skeletons
  4 worms
  7 giant geckos
  29 orcs
  8 bats
  5 giant cockroaches
  14 hobgoblins
  6 jackals
  5 giant newts
  14 goblins
  9 kobolds
  2 quokkas
  2 quokka skeletons
  6 rats
  2 fungi (D:2)
192 creatures vanquished.

Vanquished Creatures (collateral kills)
  The ghost of Banto the Cleaver, an experienced HOMo (D:6)
  Menkaure (D:5)
  Edmund (D:5)
  A slave (D:5)
  Ijyb (D:4)
  2 orc wizards
  An adder skeleton (D:5)
  3 orcs
  2 giant cockroaches
  4 goblins (D:4)
  A quokka (D:4)
18 creatures vanquished.

Vanquished Creatures (others)
  A worker ant (D:5)
  A quokka (D:4)
  A goblin (D:4)
  A quokka skeleton (D:5)
  2 fungi (D:2)
6 creatures vanquished.

Grand Total: 216 creatures vanquished

Notes
Turn   | Place    | Note
--------------------------------------------------------------
     0 | D:1      | Rationalist the Demonspawn Berserker began the quest for the Orb.
     0 | D:1      | Reached XP level 1. HP: 18/18 MP: 1/1
   161 | D:1      | Gained mutation: You sometimes gain a little power by taking damage. [demonic ancestry]
   161 | D:1      | Reached XP level 2. HP: 17/24 MP: 2/2
   617 | D:1      | Gained mutation: You can spit weak poison. [potion of mutation]
   617 | D:1      | Gained mutation: Your natural rate of healing is unusually fast. [potion of mutation]
   617 | D:1      | Gained mutation: Your system is resistant to poisons. [potion of mutation]
   664 | D:1      | Acquired Trog's second power
   785 | D:1      | Gained mutation: You are partially covered in thin metallic scales (AC +2). [demonic ancestry]
   785 | D:1      | Reached XP level 3. HP: 26/29 MP: 3/3
  1244 | D:2      | Gained mutation: You are agile. (Dex +2) [potion of mutation]
  1244 | D:2      | Gained mutation: You possess an exceptional clarity of mind. [potion of mutation]
  1562 | D:2      | Found a blossoming altar of Fedhas.
  1632 | D:2      | Noticed Natasha
  1663 | D:2      | Killed Natasha
  1663 | D:2      | Gained mutation: You sometimes gain power by taking damage. [demonic ancestry]
  1663 | D:2      | Reached XP level 4. HP: 34/37 MP: 4/4
  1703 | D:2      | Found a radiant altar of Vehumet.
  1928 | D:2      | Noticed Jessica
  1940 | D:2      | Killed Jessica
  1979 | D:2      | Gained mutation: A weak demonic guardian rushes to your aid. [demonic ancestry]
  1979 | D:2      | Reached XP level 5. HP: 42/42 MP: 5/5
  2159 | D:2      | Reached skill level 4 in Fighting
  3165 | D:3      | Noticed Robin
  3185 | D:3      | Killed Robin
  3641 | D:4      | Acquired Trog's third power
  3682 | D:4      | Gained mutation: You are mostly covered in thin metallic scales (AC +3). [demonic ancestry]
  3682 | D:4      | Reached XP level 6. HP: 44/48 MP: 6/6
  3731 | D:4      | Found Locs's Antique Weapon Emporium.
  3736 | D:4      | Noticed a phantom
  3823 | D:4      | Killed a phantom
  3911 | D:4      | Found a glowing golden altar of the Shining One.
  4050 | D:4      | Reached XP level 7. HP: 47/55 MP: 7/7
  4277 | D:4      | Noticed a phantom
  4321 | D:4      | Killed a phantom
  4446 | D:4      | Noticed Ijyb
  4468 | D:4      | Killed Ijyb
  4552 | D:5      | Entered Level 5 of the Dungeon
  4610 | D:5      | Reached skill level 5 in Fighting
  4686 | D:5      | Noticed Pikel
  4724 | D:5      | Killed Pikel
  4724 | D:5      | Reached skill level 5 in Axes
  4724 | D:5      | Reached skill level 5 in Dodging
  4724 | D:5      | Reached XP level 8. HP: 42/63 MP: 8/8
  4733 | D:5      | Found a white marble altar of Elyvilon.
  4738 | D:5      | Found a shimmering altar of Xom.
  4738 | D:5      | Found an iron altar of Okawaru.
  4756 | D:5      | Found an opulent altar of Gozag.
  4782 | D:5      | Noticed Menkaure
  4790 | D:5      | Got a scorched granite ring
  4800 | D:5      | Killed Menkaure
  5063 | D:5      | Noticed Edmund
  5082 | D:5      | Killed Edmund
  5304 | D:5      | Found a shadowy altar of Dithmenos.
  5651 | D:6      | Reached skill level 6 in Dodging
  5693 | D:6      | Found a staircase to the Ecumenical Temple.
  6046 | D:6      | Reached skill level 5 in Armour
  6114 | D:6      | Noticed Banto's ghost (experienced HOMo)
  6129 | D:6      | Killed Banto's ghost
  6129 | D:6      | Reached skill level 1 in Stealth
  6129 | D:6      | Reached XP level 9. HP: 51/70 MP: 9/9
  6956 | D:7      | Got a slimy mace
  6964 | D:7      | Identified the +7 mace "Heucs" {crush, rPois rF+ rN+ Int-3} (You found it on level 7 of the Dungeon)
  7009 | D:7      | Received a gift from Trog
  7009 | D:7      | Reached skill level 7 in Dodging
  7067 | D:7      | Identified the ring of the Komtur {+/*Tele rC+ Slay+5 Stlth-} (You found it on level 5 of the Dungeon)
  7792 | D:8      | Noticed a six-headed hydra
  7799 | D:8      | HP: 3/71 [eight-headed hydra (12)]
  8025 | D:8      | Slain by an eight-headed hydra

Vault maps used:
D:1:      elethiomel_arrival_quiet
D:2:      fedhas_altar_2, old_standard_altar, minmay_gold_behind_fungi,
          serial_bayou_ford_a, uniq_jessica, uniq_natasha
D:3:      uniq_robin
D:4:      kennysheep_the_goblin_king, overflow_temple_1_default, serial_shops,
          nicolae_shop_waterfront, feat_on_display
D:5:      grunt_temple_overflow_open, first_bread,
          grunt_dithmenos_smoke_and_mirrors, uniq_menkaure, uniq_edmund,
          uniq_pikel
D:6:      temple_fountains
D:8:      grunt_pizzeria

Action                   |  1- 3 |  4- 6 |  7- 9 || total
-------------------------+-------+-------+-------++-------
Melee: Hand axe          |   183 |   185 |     2 ||   370
       War axe           |       |    93 |   385 ||   478
Invok: Berserk           |     1 |       |       ||     1
       Brothers in Arms  |       |       |     3 ||     3
       Trog's Hand       |       |       |     2 ||     2
       Burn Spellbooks   |       |       |     2 ||     2
 Abil: Spit Poison       |       |       |     1 ||     1
  Use: Potion            |     2 |       |     3 ||     5
       Scroll            |       |     4 |     7 ||    11
 Stab: Distracted        |       |       |     2 ||     2
  Eat: Chunk             |     3 |     9 |    15 ||    27
